 Dungeon Crawl Stone Soup version 0.19-a0-975-gfff5315 (webtiles) character file.

34898 4thArraOfDagon the Cleaver (level 13, 0/93 HPs)
             Began as a Mummy Artificer on July 13, 2016.
             Was an Initiate of Gozag.
             Slain by a komodo dragon (21 damage)
             ... on level 6 of the Lair of Beasts.
             The game lasted 00:56:55 (13235 turns).

4thArraOfDagon the Cleaver (Mummy Artificer)       Turns: 13235, Time: 00:56:56

Health: 0/93       AC: 15    Str: 12    XL:     13   Next: 44%
Magic:  17/17      EV: 19    Int: 16    God:    Gozag
Gold:   2260       SH:  5    Dex: 18    Spells: 2 memorised, 14 levels left

rFire  . . .     SeeInvis .     E - +7 war axe of the Solstice {vamp, rF+ MR+ Str-3}
rCold  + . .     Gourm    .     S - +2 troll leather armour of Odeif {Regen+ Stlth+}
rNeg   + + +     Faith    .     T - +1 buckler {reflect}
rPois  ∞         Spirit   .     U - +2 helmet {Int+3}
rElec  .         Dismiss  .     O - +0 cloak
rCorr  .         Reflect  +     (no gloves)
SustAt .         Harm     .     Z - +2 pair of boots of the Assassin {DetectMon Stab+ Stlth++}
MR     ++...                    (no amulet)
Stlth  +++++.....               I - +3 ring of evasion
                                H - +3 ring of dexterity

@: very resistant to hostile enchantments, quite stealthy
A: no food or potions, fire vulnerability, cold resistance 1, negative energy
resistance 3, torment resistance, unbreathing, in touch with death 1, restore
body
a: Self-Restoration, Potion Petition, Call Merchant, Bribe Branch, Renounce
Religion


You were on level 6 of the Lair of Beasts.
You worshipped Gozag.
Gozag was most pleased with you.
You were not hungry.

You visited 4 branches of the dungeon, and saw 22 of its levels.
You also visited: Ossuary.

You collected 4807 gold pieces.
You spent 1863 gold pieces at shops.
You paid 684 gold pieces to Gozag.

Inventory:

Hand Weapons
 E - the +7 war axe of the Solstice (weapon) {vamp, rF+ MR+ Str-3}
   (You bought it in a shop on level 7 of the Dungeon)

   It inflicts no extra harm, but heals its wielder somewhat when it strikes a
   living foe.
   It affects your strength (-3).
   It protects you from fire.
   It affects your resistance to hostile enchantments.
 N - a +0 blowgun
 R - the +1 war axe "Beastbane" {pain, +Rage Int+7}
   (You bought it in a shop on level 11 of the Dungeon)

   In the hands of one skilled in necromantic magic, it inflicts extra damage on
   living creatures.
   It affects your intelligence (+7).
   It lets you go berserk.
 V - a +0 broad axe
Missiles
 z - 12 curare-tipped needles
 C - 7 javelins of returning (quivered)
 X - 2 throwing nets
Armour
 o - the +2 leather armour "Bosoj" {Str+4}
   (You found it on level 11 of the Dungeon)

   It affects your strength (+4).
 A - a +0 pair of boots
 D - a +1 helmet
 J - the +1 scale mail of Bitterness {Str+4 SInv}
   (You found it on level 7 of the Dungeon)

   It affects your strength (+4).
   It lets you see invisible.
 O - a +0 cloak (worn)
 S - the +2 troll leather armour of Odeif (worn) {Regen+ Stlth+}
   (You bought it in a shop on level 2 of the Lair of Beasts)

   It increases your rate of regeneration.
   It makes you more stealthy.
 T - a +1 buckler of reflection (worn)
 U - a +2 helmet of intelligence (worn)
 Z - the +2 pair of boots of the Assassin (worn) {DetectMon Stab+ Stlth++}
   (You acquired it on level 5 of the Lair of Beasts)

   It makes you much more stealthy.
Jewellery
 i - an uncursed ring of flight
 j - an uncursed ring of positive energy
 q - an uncursed amulet of dismissal
 s - an uncursed ring of poison resistance
 u - a +3 ring of intelligence
 v - a +2 ring of strength
 H - a +3 ring of dexterity (left hand)
 I - a +3 ring of evasion (right hand)
 K - an uncursed ring of resist corrosion
 P - an uncursed ring of fire
Wands
 c - a wand of flame (0/48)
 d - a wand of enslavement (0/24)
 e - a wand of random effects (9/48)
 f - a wand of disintegration (8/24)
 l - a wand of iceblast (0/15)
 m - a wand of iceblast (0/15)
 n - a wand of flame (10/48)
 w - a wand of lightning (0/15)
 B - a wand of enslavement (2/24)
 F - a wand of random effects (16/48)
 G - a wand of slowing (3/48)
Scrolls
 a - a scroll of recharging
 b - 6 scrolls of enchant weapon
 g - 8 scrolls of remove curse
 k - 2 scrolls of noise
 p - 6 scrolls of teleportation
 r - 2 scrolls of immolation
 t - 3 scrolls of identify
 x - 2 scrolls of blinking
 y - 3 scrolls of enchant armour
 L - a scroll of fog
 M - 2 scrolls of amnesia
 Q - a scroll of random uselessness
 Y - a scroll of fear
Miscellaneous
 h - a disc of storms
 W - a sack of spiders


   Skills:
 + Level 5.6 Fighting
   Level 4.4(5.8) Short Blades
   Level 5.7(6.5) Long Blades
 * Level 12.7 Axes
 + Level 7.0 Armour
 + Level 7.2 Dodging
 * Level 0.7 Stealth
 + Level 3.2 Spellcasting
 - Level 3.9 Charms
 - Level 4.0 Air Magic
 - Level 2.4 Evocations


You had 14 spell levels left.
You knew the following spells:

 Your Spells              Type           Power        Failure   Level  Hunger
a - Repel Missiles        Chrm/Air       ###...       14%         2    N/A
b - Swiftness             Chrm/Air       ###.....     14%         2    N/A

Dungeon Overview and Level Annotations

Branches:
Dungeon (13/15)            Temple (1/1) D:7            Lair (6/6) D:11
 Shoals (0/4) Lair:2       Spider (0/4) Lair:2        Slime (0/5) Lair:5
    Orc (2/2) D:10
    Elf: Orc:2       Vaults: D:13-14

Altars:
Ashenzari
Fedhas
Gozag
Hepliaklqana
Nemelex Xobeh
Pakellas
Qazlal
Ru
Trog
Uskayaw
Vehumet
Xom
Yredelemnul

Shops:
D:5 [   D:7 (   D:8 (   D:11 *   Lair:2 [

Annotations:
D:9 MordorOrchid's ghost, novice GrEE
Lair:2 exclusion: upstairs
Lair:4 Harold


Innate Abilities, Weirdness & Mutations

You do not eat or drink.
Your flesh is vulnerable to fire.
You are immune to poison.
Your flesh is cold resistant. (rC+)
You are immune to negative energy. (rN+++)
You are immune to unholy pain and torment.
You can survive without breathing.
You are in touch with the powers of death.
You can restore your body by infusing magical energy.


Message History

Unknown command.
Unknown command.
You slash the komodo dragon!
The komodo dragon is heavily wounded.
You hit the yak. You slash the yak! The yak misses you.
The yak closely misses you. The komodo dragon bites you!
* * * LOW HITPOINT WARNING * * *
Unknown command.
Unknown command.
Unknown command.
Unknown command.
You slice the komodo dragon!!
The komodo dragon is almost dead.
You slash the yak! You hit the yak.
You feel better.
The yak is no longer distracted by gold.
The yak gores you.
* * * LOW HITPOINT WARNING * * *
The komodo dragon bites you!!
You die...
Your body crumbles into a pile of gold.

.##.........###.........
..............##........
.....P..................
....<...................
.......r...........%...P
.....Y..Y..P.##.........
.....Y.Y.P..............
.......Y....P.###.......
....<..@Y...P## ..P.....
.......l....... #...≈.≈
...........#.... .%.≈≈
P.#...$...##%#.. ... .
#.......# ... .....#....
......#.....
......#......


You could see a komodo dragon, 6 yaks and a river rat.

Vanquished Creatures
  A dire elephant (Lair:3)
  2 hill giants
  Pikel (D:4)
  An orc sorcerer (Orc:2)
  A manticore (D:11)
  Maurice (D:9)
  26 elephants (Lair:3)
  2 black mambas
  A centaur zombie (D:11)
  A torpor snail (Lair:3)
  4 spiny frogs
  A rime drake (Lair:2)
  A komodo dragon (Lair:5)
  A troll (D:12)
  4 slime creatures (D:12)
  14 blink frogs
  Sigmund (D:2)
  3 wyverns
  A spriggan (Lair:3)
  31 yaks
  2 basilisks
  A fire elemental (Orc:1)
  6 hippogriffs
  A steam dragon (D:11)
  3 wargs (D:10)
  Menkaure (D:5)
  2 porcupines
  4 water moccasins
  6 orc warriors
  2 phantoms
  2 sky beasts
  An eye of draining (D:9)
  4 ice beasts
  A necrophage (D:9)
  7 ogres
  6 wolves (Lair:3)
  A slave (D:4)
  3 centaurs
  9 crocodiles
  2 big kobolds
  Terence (D:3)
  12 giant frogs
  A wyvern zombie (D:7)
  2 scorpions
  8 killer bees
  4 wights (D:12)
  3 giant geckos
  3 howler monkeys
  2 giant frog zombies
  7 crimson imps
  6 hounds
  2 jellies
  A quasit (D:3)
  A wasp zombie (D:5)
  8 orc priests
  A giant frog skeleton (D:6)
  6 orc wizards
  3 centaur skeletons
  A gnoll shaman (D:9)
  10 iguanas
  Natasha (thrice) (D:4)
  A hell rat (D:6)
  8 worker ants
  15 sheep
  12 gnolls
  10 adders
  A howler monkey skeleton (D:7)
  34 river rats
  3 shadow imps
  4 oozes
  2 adder zombies
  An adder skeleton (D:9)
  4 dart slugs
  35 orcs
  A ball python (D:1)
  4 hobgoblins
  3 jackals (D:4)
  2 quokkas
  5 bats
  5 giant newts
  3 gnoll skeletons (Ossuary)
  2 goblins
  A jackal skeleton (D:5)
  8 kobolds
  2 kobold skeletons (Ossuary)
  4 orc skeletons (Ossuary)
  A quokka zombie (D:5)
  7 rats
  2 fungi
427 creatures vanquished.

Vanquished Creatures (collateral kills)
  An orc warrior (D:7)
  A wasp (D:12)
  A hound (D:7)
  An orc priest (D:7)
  2 jellies
  Ijyb (D:3)
  A worker ant (D:6)
  An adder (D:6)
  A gnoll (D:2)
  A dart slug (D:4)
  An orc (D:7)
  2 giant cockroaches
  A goblin (D:2)
  A hobgoblin (D:2)
  A quokka (D:5)
17 creatures vanquished.

Vanquished Creatures (others)
  An ogre (D:5)
  An adder (D:3)
  A gnoll (D:2)
  3 fungi
  A plant (Lair:3)
7 creatures vanquished.

Grand Total: 451 creatures vanquished

Notes
Turn   | Place    | Note
-------+----------+-------------------------------------------
     0 | D:1      | 4thArraOfDagon the Mummy Artificer began the quest for the Orb.
     0 | D:1      | Reached XP level 1. HP: 15/15 MP: 2/2
    97 | D:1      | You fall through a shaft!
    98 | D:2      | o wow
   136 | D:2      | Reached skill level 1 in Short Blades
   139 | D:2      | Found a blossoming altar of Fedhas.
   173 | D:2      | Reached XP level 2. HP: 3/21 MP: 3/3
   329 | D:2      | Reached XP level 3. HP: 16/26 MP: 4/4
   486 | D:3      | Noticed Terence
   487 | D:3      | Found a stormy altar of Qazlal.
   489 | D:3      | Found a sparkling altar of Nemelex Xobeh.
   590 | D:3      | Noticed Ijyb
   611 | D:3      | Killed Ijyb
   639 | D:3      | Killed Terence
   639 | D:3      | Reached XP level 4. HP: 15/32 MP: 5/5
   787 | D:2      | Noticed Sigmund
   823 | D:2      | Killed Sigmund
   823 | D:2      | Reached skill level 1 in Armour
   823 | D:2      | Reached XP level 5. HP: 32/37 MP: 6/6
   842 | D:2      | Reached XP level 6. HP: 40/43 MP: 7/7
   991 | D:4      | Found a sand-covered staircase.
  1001 | D:5      | Entered Level 5 of the Dungeon
  1013 | D:4      | Noticed a slave
  1017 | D:4      | Noticed a slave
  1019 | Ossuary  | Entered an ossuary
  1019 | Ossuary  | Noticed a wraith
  1019 | Ossuary  | Noticed a wraith
  1019 | Ossuary  | Noticed a wraith
  1247 | D:5      | Found Likhlaemno's Armour Shop.
  1530 | D:7      | Noticed an orc warrior
  1787 | D:7      | Found a staircase to the Ecumenical Temple.
  1794 | Temple   | Entered the Ecumenical Temple
  1858 | Temple   | Became a worshipper of Gozag Ym Sagoz the Greedy
  2025 | D:5      | emiel: lol
  2030 | D:5      | emiel: weak ogre
  3231 | D:3      | Reached XP level 7. HP: 46/48 MP: 8/8
  3377 | D:3      | Reached skill level 1 in Long Blades
  3448 | D:4      | Noticed Pikel
  3454 | D:4      | Killed Pikel
  3454 | D:4      | Reached XP level 8. HP: 54/54 MP: 9/9
  3602 | D:4      | Found an oddly glowing altar of Pakellas.
  3801 | D:4      | Noticed Natasha
  3814 | D:4      | Killed Natasha
  4089 | D:5      | Noticed Menkaure
  4135 | D:5      | Killed Menkaure
  4450 | D:4      | Noticed Natasha
  4455 | D:4      | Killed Natasha
  4575 | D:4      | Noticed Natasha
  4592 | D:4      | Killed Natasha
  5066 | D:6      | Reached skill level 5 in Long Blades
  5122 | D:6      | Reached skill level 5 in Dodging
  5449 | D:7      | Reached XP level 9. HP: 59/59 MP: 10/10
  5685 | D:7      | Found Gaxt's Antique Weapon Shop.
  5689 | D:7      | Bought a brightly glowing war axe for 229 gold pieces
  5689 | D:7      | Identified the +7 war axe of the Solstice {vamp, rF+ MR+ Str-3} (You bought it in a shop on level 7 of the Dungeon)
  5690 | D:7      | 4thArraOfDagon: !:)
  5690 | D:7      | 4thArraOfDagon: !beem look
  5690 | D:7      | beem: Unknown command. Type !beem help for assistance
  5690 | D:7      | 4thArraOfDagon: !beem hep me
  5690 | D:7      | beem: Unknown command. Type !beem help for assistance
  5784 | D:7      | Goblin1989: )))
  5864 | D:7      | Reached skill level 1 in Axes
  5891 | D:7      | Got a crude scale mail
  5902 | D:7      | Identified the cursed +1 scale mail of Bitterness {Str+4 SInv} (You found it on level 7 of the Dungeon)
  6451 | D:8      | Found Siucuram's Antique Weapon Emporium.
  6471 | D:8      | Reached skill level 2 in Axes
  6471 | D:8      | Reached skill level 5 in Armour
  6668 | D:8      | Reached skill level 3 in Axes
  6697 | D:8      | Reached skill level 4 in Axes
  7094 | D:9      | Noticed MordorOrchid's ghost (novice GrEE)
  7180 | D:9      | Reached skill level 5 in Axes
  7220 | D:9      | Noticed Maurice
  7270 | D:9      | Killed Maurice
  7270 | D:9      | Reached XP level 10. HP: 65/65 MP: 0/11
  7272 | D:9      | Reached skill level 6 in Axes
  7535 | D:10     | Entered Level 10 of the Dungeon
  7664 | D:9      | Reached skill level 7 in Axes
  7777 | D:9      | Learned a level 2 spell: Repel Missiles
  7780 | D:9      | Learned a level 2 spell: Swiftness
  8008 | D:11     | Noticed a hill giant
  8008 | D:11     | Noticed a hill giant
  8115 | D:10     | Reached skill level 8 in Axes
  8141 | D:11     | Ishouldbestudying: nice archery
  8175 | D:11     | Found Neqoc's Assorted Antiques.
  8182 | D:11     | Bought a scroll of remove curse for 75 gold pieces
  8182 | D:11     | Bought a scroll labeled EBLEADWIGU for 25 gold pieces
  8182 | D:11     | Bought a steaming war axe for 212 gold pieces
  8182 | D:11     | Bought a glowing helmet for 112 gold pieces
  8182 | D:11     | Bought a scroll labeled EBLEADWIGU for 25 gold pieces
  8192 | D:11     | Identified the cursed +1 war axe "Beastbane" {pain, +Rage Int+7} (You bought it in a shop on level 11 of the Dungeon)
  8394 | D:12     | Reached skill level 9 in Axes
  8647 | D:12     | Reached XP level 11. HP: 60/70 MP: 12/12
  8689 | D:12     | Reached skill level 10 in Axes
  8816 | D:12     | Noticed a hill giant
  9033 | D:12     | Killed a hill giant
  9033 | D:12     | Reached skill level 11 in Axes
  9235 | D:11     | Got a heavily runed leather armour
  9252 | D:11     | Identified the +2 leather armour "Bosoj" {Str+4} (You found it on level 11 of the Dungeon)
  9308 | D:11     | Found a staircase to the Lair.
  9344 | D:10     | Found a staircase to the Orcish Mines.
  9389 | Orc:1    | Entered Level 1 of the Orcish Mines
  9577 | Orc:2    | Entered Level 2 of the Orcish Mines
  9718 | Orc:2    | Noticed an orc sorcerer
  9732 | Orc:2    | Killed an orc sorcerer
  9967 | Orc:1    | Ishouldbestudying: i wish i was as good at studying as you are at archery.
 10367 | D:11     | Killed a hill giant
 10407 | Lair:1   | Entered Level 1 of the Lair of Beasts
 10855 | Lair:1   | Reached XP level 12. HP: 77/81 MP: 13/13
 10864 | Lair:1   | Noticed a four-headed hydra
 10891 | Lair:2   | Ishouldbestudying: 2
 10893 | Lair:2   | Ishouldbestudying: why are you lvling dex?
 10893 | Lair:2   | Bought the +2 troll leather armour of Odeif {Regen+ Stlth+} for 591 gold pieces
 10893 | Lair:2   | Bought a +1 buckler of reflection for 229 gold pieces
 10893 | Lair:2   | Bought a +2 helmet of intelligence for 365 gold pieces
 10938 | Lair:2   | Ishouldbestudying: seems like a fairly str reliant char to me atm
 10958 | Lair:2   | Found a staircase to the Shoals.
 10994 | Lair:1   | Found a stormy altar of Qazlal.
 11332 | Lair:1   | Reached skill level 12 in Axes
 11598 | Lair:2   | Found a hole to the Spider Nest.
 11687 | Lair:3   | Reached skill level 1 in Charms
 11687 | Lair:3   | Reached skill level 1 in Air Magic
 11759 | Lair:3   | Reached skill level 1 in Spellcasting
 12093 | Lair:3   | Reached skill level 5 in Fighting
 12160 | Lair:3   | Noticed a dire elephant
 12254 | Lair:3   | Gained mutation: You are in touch with the powers of death. [Mummy growth]
 12254 | Lair:3   | Gained mutation: You can restore your body by infusing magical energy. [Mummy growth]
 12254 | Lair:3   | Reached XP level 13. HP: 80/91 MP: 16/16
 12266 | Lair:3   | Killed a dire elephant
 12690 | Lair:4   | Noticed Harold
 13117 | Lair:5   | Found a staircase to the Slime Pits.
 13174 | Lair:5   | Identified a scroll of acquirement
 13189 | Lair:6   | Entered Level 6 of the Lair of Beasts
 13213 | Lair:6   | timbw: that axe
 13235 | Lair:6   | Slain by a komodo dragon

Vault maps used:
D:1:      evilmike_arrival_rings, due_unseen_surprise
D:2:      fedhas_altar_1, uniq_sigmund
D:3:      grunt_temple_overflow_open, uniq_terence, uniq_iyjb
D:4:      nicolae_overflow_crystal_walls, enter_ossuary_1, first_bread,
          uniq_pikel, uniq_natasha
D:5:      lemuel_ice_spiral_2, serial_shops, shop, uniq_menkaure
D:7:      serial_shops, shop
D:8:      serial_shops, shop
D:9:      uniq_maurice
D:10:     minmay_orc_entry_guard_dogs
D:11:     lair_0_dummy, serial_shops, nicolae_shop_crystal,
          nicolae_shop_behind_doors
D:12:     serial_co_window_serial, co_window_of_opportunity_a,
          co_window_paths_a, co_window_corner_a, co_window_paths_a,
          co_window_paths_b, co_window_unsneaky_path_d, co_window_2corner,
          co_window_2corner, co_window_paths_c, co_window_corner_cb,
          co_window_unsneaky_path_a, glass_columns_a, glass_columns_c,
          glass_columns_a, glass_columns_a, glass_columns_b,
          hangedman_fish_farm, spider_trap
D:13:     david_vaults_2, serial_corexii_hall, corexii_hall_statues_s,
          corexii_hall_statues_l, corexii_hall_statues_l, corexii_hall_statues_x
Temple:   dpeg_five_rooms_temple
Lair:1:   basic_altar, eino_small_chamber_without_monster, grunt_megastairs_1
Lair:2:   minmay_shoals_entry_beasts, nicolae_spider_entry_tight_spaces
Lair:3:   mu_elephants_graveyard
Lair:4:   st_stairs_3, grunt_megastairs_5, uniq_harold
Lair:5:   slime_dummy, infiniplex_staircase_pool_2, lemuel_fruit_tree,
          serial_bayou_shore_b
Lair:6:   evil_forest, lab_entry_generic, lookout_lair_type
Orc:1:    hangedman_minor_magic
Orc:2:    grunt_orc_community_town_hall, grunt_orc_community_big_house_2,
          grunt_orc_community_big_house_1, grunt_orc_community_house_2,
          grunt_orc_community_house_3, grunt_orc_community_house_3,
          grunt_orc_community_house_1, basic_altar, uniq_azrael, uniq_rupert
Ossuary:  ossuary_due_mausoleum

Skill      XL: |  1  2  3  4  5  6  7  8  9 10 11 12 13 |
---------------+----------------------------------------+-----
Short Blades   | 1 2 3 4 |  4.4
Armour         | 1 2 3 4 5 6 7 |  7.0
Dodging        | 2 3 4 5 6 7 |  7.2
Long Blades    | 3 5 |  5.7
Axes           | 5 9 11 12 | 12.7
Fighting       | 3 5 |  5.6
Charms         | 3 |  3.9
Air Magic      | 3 4 |  4.0
Spellcasting   | 2 3 |  3.2
Stealth        | |  0.7
Evocations     | |  2.4

Action                   |  1- 3 |  4- 6 |  7- 9 | 10-12 | 13-15 || total
-------------------------+-------+-------+-------+-------+-------++-------
Melee: Short sword       |    45 |   270 |   478 |       |       ||   793
       Falchion          |       |       |    13 |       |       ||    13
       War axe           |       |       |   142 |   917 |   218 ||  1277
 Fire: Blowgun           |       |       |     5 |     6 |       ||    11
 Cast: Repel Missiles    |       |       |       |       |     1 ||     1
Invok: Potion Petition   |       |       |       |     1 |       ||     1
       Call Merchant     |       |       |       |     1 |       ||     1
Evoke: Wand              |    13 |    22 |    42 |    23 |       ||   100
  Use: Scroll            |       |    14 |     6 |    11 |     2 ||    33
 Stab: Confused          |       |     1 |       |       |       ||     1
       Distracted        |       |       |     4 |    13 |     1 ||    18
       Paralysed         |       |       |     2 |       |       ||     2
       Sleeping          |       |       |       |     4 |     2 ||     6
Armor: Leather armour    |    27 |       |       |       |       ||    27
       Scale mail        |       |   172 |   247 |   183 |       ||   602
       Troll leather arm |       |       |       |   138 |    99 ||   237
Dodge: Dodged            |    36 |   191 |   346 |   800 |   268 ||  1641
       Deflected         |       |       |       |       |     1 ||     1
Block: Buckler           |       |       |       |   114 |    67 ||   181
